 Dungeon Sprint DCSS version 0.21-a0-225-g207ae17 (webtiles) character file.

116526 Kidiri the Slayer (level 16, -11/186 HPs)
             Began as a Naga Fighter on Aug 29, 2017.
             Was the Champion of Cheibriados.
             Killed from afar by a hellion (32 damage)
             ... with damnation
             ... in the Dungeon (Sprint V: "Ziggurat Sprint").
             The game lasted 00:18:17 (2018 turns).

Kidiri the Slayer (Naga Fighter)                    Turns: 2018, Time: 00:18:18

Health: -11/186    AC: 45    Str: 38    XL:     16   Next: 71%
Magic:  28/28      EV: 18    Int: 30    God:    Cheibriados [******]
Gold:   0          SH: 42    Dex: 39    Spells: 15/15 levels left

rFire    + + .     SeeInvis +   P - +7 Screaming Sword
rCold    + . .     Gourm    .   O - +18 shield of the Gong {rElec rN+ MR+ EV-5}
rNeg     + . .     Faith    .   N - +15 Maxwell's patent armour {-Cast -Tele rElec MR+ rCorr}
rPois    +         Spirit   .   C - +2 helmet {Int+3}
rElec    +         Reflect  +   h - +1 cloak of the Saviour {rC++ Int+2}
rCorr    +         Harm     .   b - +3 pair of gauntlets of War {Slay+5}
MR       ++++.     NoTele   +   (no barding) Stlth ..........NoCast +
                                j - amulet of Gargh {Reflect rPois rF+ Slay+2 SH+4}
HPRegen  0.41/turn              a - ring "Esannoav" {Fire -Tele rElec Int+2 Dex+6}
MPRegen  0.21/turn              D - +6 ring of strength

@: flayed, studying Invocations, very slow
A: see invisible, deformed body, poison resistance, screaming 1, slowness 2,
slow metabolism 1, spit poison 1, weak 1, subdued magic 1, constrict 1, AC +5
a: Spit Poison, Bend Time, Temporal Distortion, Slouch, Step From Time, Renounce
Religion


You were in the Dungeon.
You worshipped Cheibriados.
Cheibriados was exalted by your worship.
You were full.

You visited 1 branch

Inventory:

Hand Weapons
 L - the +6 double sword of Eternal Night {freeze, rF- Str+5 Dex+4}
   (You found it in the Dungeon)

   It has been specially enchanted to freeze those struck by it, causing extra
   injury to most foes and up to half again as much damage against particularly
   susceptible opponents.
   It can also slow down cold-blooded creatures.
   It affects your strength (+5).
   It affects your dexterity (+4).
   It makes you vulnerable to fire.
 P - the +7 Screaming Sword (weapon)
   (You found it in the Dungeon)
Armour
 b - the +3 pair of gauntlets of War (worn) {Slay+5}
   (You found it in the Dungeon)

   It affects your accuracy and damage with ranged weapons and melee attacks
   (+5).
 h - the +1 cloak of the Saviour (worn) {rC++ Int+2}
   (You found it in the Dungeon)

   It affects your intelligence (+2).
   It greatly protects you from cold.
 C - a +2 helmet of intelligence (worn)
 N - the +15 Maxwell's patent armour (worn) {-Cast -Tele rElec MR+ rCorr}
   (You found it in the Dungeon)

   It insulates you from electricity.
   It affects your resistance to hostile enchantments.
   It prevents spellcasting.
   It prevents most forms of teleportation.
   It protects you from acid and corrosion.
 O - the +18 shield of the Gong (worn) {rElec rN+ MR+ EV-5}
   (You found it in the Dungeon)

   It affects your evasion (-5).
   It insulates you from electricity.
   It protects you from negative energy.
   It affects your resistance to hostile enchantments.
Jewellery
 a - the ring "Esannoav" (left hand) {Fire -Tele rElec Int+2 Dex+6}
   (You found it in the Dungeon)

   [ring of fire]

   It enhances your fire magic.
   It affects your intelligence (+2).
   It affects your dexterity (+6).
   It protects you from fire.
   It makes you vulnerable to cold.
   It insulates you from electricity.
   It prevents most forms of teleportation.
 c - the ring of the Empire {+Blink rN+ MR+ Int-5 Stlth-}
   (You took it off a crimson imp in the Dungeon)

   [ring of loudness]

   It affects your intelligence (-5).
   It protects you from negative energy.
   It affects your resistance to hostile enchantments.
   It lets you blink.
   It makes you less stealthy.
 j - the amulet of Gargh (around neck) {Reflect rPois rF+ Slay+2 SH+4}
   (You found it in the Dungeon)

   [amulet of reflection]

   It shields you and reflects attacks.
   It affects your accuracy and damage with ranged weapons and melee attacks
   (+2).
   It protects you from fire.
   It protects you from poison.
   It affects your SH (+4).
 D - a +6 ring of strength (right hand)
 J - the ring "Teps" {rC++ Dex+4}
   (You found it in the Dungeon)

   [ring of dexterity]

   It affects your dexterity (+4).
   It greatly protects you from cold.
 K - the ring "Puotomug" {-Tele rElec rPois Str+2 Stlth+}
   (You found it in the Dungeon)

   [ring of strength]

   It affects your strength (+2).
   It insulates you from electricity.
   It protects you from poison.
   It prevents most forms of teleportation.
   It makes you more stealthy.
 R - a ring of the Octopus King {rF+ AC+1 EV+1 Str+1 Int+1 Dex+1}
   (You took it off a spriggan air mage in the Dungeon)

   [ring of protection from fire]

   It affects your AC (+1).
   It affects your evasion (+1).
   It affects your strength (+1).
   It affects your intelligence (+1).
   It affects your dexterity (+1).
   It protects you from fire.
 V - a ring of the Octopus King {MP+9 AC+1 EV+1 Str+1 Int+1 Dex+1}
   (You found it in the Dungeon)

   [ring of magical power]

   It affects your AC (+1).
   It affects your evasion (+1).
   It affects your strength (+1).
   It affects your intelligence (+1).
   It affects your dexterity (+1).
   It affects your magic capacity (+9).
 X - the ring "Kiyloz" {Str+4 Dex+3 Stlth+}
   (You took it off a wight in the Dungeon)

   [ring of dexterity]

   It affects your strength (+4).
   It affects your dexterity (+3).
   It makes you more stealthy.
 Z - the amulet "Jusog" {Gourm rC++ MR+}
   (You took it off a necromancer in the Dungeon)

   [amulet of the gourmand]

   It allows you to eat raw meat even when not hungry.
   It greatly protects you from cold.
   It affects your resistance to hostile enchantments.
Wands
 F - a wand of disintegration (7/24)
 G - a wand of iceblast (5/15)
 H - a wand of lightning (5/15)
 I - a wand of acid (5/15)
Scrolls
 k - 4 scrolls of blinking
 o - 16 scrolls of enchant weapon
 q - 4 scrolls of amnesia
 r - 4 scrolls of recharging
 s - 7 scrolls of fog
 t - a scroll of holy word
 u - 5 scrolls of identify
 v - 5 scrolls of remove curse
 w - 2 scrolls of fear
 A - a scroll of brand weapon
 T - 4 scrolls of enchant armour
Potions
 d - 7 potions of might
 e - 10 potions of curing
 g - 13 potions of heal wounds
 i - 7 potions of magic
 l - 2 potions of brilliance
 m - 2 potions of invisibility
 n - 4 potions of resistance
 p - 8 potions of agility
Books
 Q - a manual of Invocations
Comestibles
 f - 5 bread rations
 x - 42 fruits
 z - 4 meat rations
 M - a royal jelly


   Skills:
 * Level 22.4 Fighting
 + Level 16.8 Long Blades
 * Level 19.5 Armour
 + Level 14.3 Dodging
 * Level 19.5 Shields
 + Level 17.9 Invocations


You had 15 spell levels left.
You didn't know any spells.

Dungeon Overview and Level Annotations

Branches:
Dungeon (1/1)

Altars:
Ashenzari
Cheibriados
Dithmenos
Elyvilon
Fedhas
Gozag
Hepliaklqana
Kikubaaqudgha
Makhleb
Nemelex Xobeh
Okawaru
Qazlal
Ru
Sif Muna
Trog
Uskayaw
Vehumet
Wu Jian
Xom
Yredelemnul
Zin
The Shining One
Beogh
Jiyva
Lugonu


Innate Abilities, Weirdness & Mutations

You cannot wear boots.
Your serpentine skin is tough. (AC +5)
You have supernaturally acute eyesight. (SInv)
Armour fits poorly on your strangely shaped body.
Your system is resistant to poisons. (rPois)
You cover ground very slowly.
You have a slow metabolism.
You can spit poison.
You can use your snake-like lower body to constrict enemies.
You occasionally shout uncontrollably at your foes.
You are weak. (Str -2)
Your spells are a little easier to cast, but a little less powerful.


Message History

Its appearance distorts for a moment.
The hell knight drops an uncursed long sword of distortion.
The hell knight picks up the +10 falchion of Uncertain Death {drain, Stlth+}.
The hell knight wields the +10 falchion of Uncertain Death {drain, Stlth+}.
You sense an unholy aura.
The tormentor calls on the powers of darkness!
The hell knight convulses!
Your body is wracked with pain!
* * * LOW HITPOINT WARNING * * *
The flayed ghost cries, "Feel what I felt!"
Terrible wounds open up all over your body!
* * * LOW HITPOINT WARNING * * *
You block the jackal zombie's attack.
GONNNNG!
A tormentor comes into view.
The tormentor calls on the powers of darkness!
The hell knight convulses!
Your body is wracked with pain!
* * * LOW HITPOINT WARNING * * *
The hellion gestures at you.
The sphere of damnation explodes!
The damnation engulfs you!
You die...

▓..)}|".
.[=)ZZ|Z2))"}2.
▓..|=.[)
.|[|W2}pZ=}|!W.
▓.....)|
...h...2ZnzW...
▓.......
.....hZW.......
▓......[
...2Z..WZ.2....
▓.......
......22ZWZ....
▓.......
.....Z2W.......
▓.......
.......@.......
▓.......
...............
▓.......
...▓.......▓...
▓...▓...
..▓.▓.....▓.▓..
▓.......
...▓.......▓...
▓.......
...............
▓.......
...............
▓▓▓▓▓▓▓
.......©.......
▓▓▓▓▓▓▓▓▓▓▓▓▓▓▓


You could see a reaper, a balrug, a hell knight, 2 flayed ghosts, 2 hell hogs, 5
hellions, 2 tormentors, 3 wraiths, a necrophage, 2 shadows, a wight, a ball
python zombie, 2 adder zombies, a quokka zombie, 2 jackal zombies, an adder
skeleton, 3 quokka skeletons and a jackal skeleton.

Vanquished Creatures
  2 liches (D)
  4 electric golems (D)
  A titan (D)
  An acid blob (D)
  A shadow dragon (D)
  2 azure jellies (D)
  7 storm dragons (D)
  A draconian monk (D)
  A draconian scorcher (D)
  A draconian shifter (D)
  2 ghouls (D)
  5 spriggan defenders (D)
  A reaper (D)
  2 stone giants (D)
  An apis (D)
  3 green draconians (D)
  A vampire knight (D)
  A dire elephant (D)
  3 purple draconians (D)
  3 red draconians (D)
  A death ooze (D)
  2 yellow draconians (D)
  2 great orbs of eyes (D)
  A hydra (D)
  An ice dragon (D)
  14 vault guards (D)
  8 spriggan air magi (D)
  A satyr (D)
  3 dancing weapons (D)
  A death yak (D)
  A hell hog (D)
  A deep elf knight (D)
  An orc high priest (D)
  A thrashing horror (D)
  6 spriggan berserkers (D)
  A hell knight (D)
  2 spriggan druids (D)
  A glowing orange brain (D)
  2 flayed ghosts (D)
  A shambling mangrove (D)
  4 deep elf magi (D)
  4 necromancers (D)
  A shining eye (D)
  4 deep elf archers (D)
  2 oklob plants (D)
  2 rust devils (D)
  A guardian serpent (D)
  3 black mambas (D)
  4 spiny frogs (D)
  A naga mage (D)
  An orange demon (D)
  3 eyes of devastation (D)
  3 hellions (D)
  3 large abominations (D)
  3 freezing wraiths (D)
  2 ice devils (D)
  A tormentor (D)
  2 yaktaurs (D)
  A dryad (D)
  A hellwing (D)
  3 wind drakes (D)
  3 red devils (D)
  4 merfolk (D)
  A polar bear (D)
  A raiju (D)
  6 hornets (D)
  7 slime creatures (D)
  A hippogriff (D)
  A spriggan (D)
  2 water elementals (D)
  3 shadows (D)
  2 wraiths (D)
  A wyvern (D)
  9 air elementals (D)
  6 yaks (D)
  A basilisk (D)
  2 golden eyes (D)
  3 insubstantial wisps (D)
  2 nagas (D)
  5 water moccasins (D)
  2 hell hounds (D)
  3 porcupines (D)
  A black bear (D)
  An ice beast (D)
  3 necrophages (D)
  2 crocodiles (D)
  2 bullfrogs (D)
  6 wights (D)
  4 crimson imps (D)
  An iron imp (D)
  5 jellies (D)
  4 quasits (D)
  An iguana (D)
  An adder (D)
  2 white imps (D)
  2 ufetubi (D)
  4 adder zombies (D)
  3 adder skeletons (D)
  2 ball pythons (D)
  6 bat skeletons (D)
  3 bat zombies (D)
  2 jackals (D)
  A ball python skeleton (D)
  A ball python zombie (D)
  3 giant cockroach zombies (D)
  A jackal skeleton (D)
  3 leopard gecko skeletons (D)
  A leopard gecko zombie (D)
  A quokka skeleton (D)
  A quokka zombie (D)
  2 butterflies (D)
277 creatures vanquished.

Vanquished Creatures (others)
  A stone giant (D)
  2 bat skeletons (D)
  3 bat zombies (D)
6 creatures vanquished.

Grand Total: 283 creatures vanquished

Notes
Turn   | Place    | Note
-------+----------+-------------------------------------------
     0 | D        | Found the +6 Majin-Bo {vamp, Archmagi MP+6 Int+6}
     0 | D        | Found the +7 great mace "Firestarter" {inner flame, rF++}
     0 | D        | Kidiri the Naga Fighter began the quest for the Orb.
     0 | D        | Reached XP level 1. HP: 21/21 MP: 1/1
     0 | D        | Found a deep blue altar of Sif Muna.
     0 | D        | Found a bloodstained altar of Trog.
     0 | D        | Found a sacrificial altar of Ru.
     0 | D        | Found a stormy altar of Qazlal.
     0 | D        | Found an iron altar of Okawaru.
     1 | D        | Found a sparkling altar of Nemelex Xobeh.
     1 | D        | Found a blossoming altar of Fedhas.
     3 | D        | Found a transporter.
     3 | D        | Found an ancient bone altar of Kikubaaqudgha.
     3 | D        | Found a viscous altar of Jiyva.
     3 | D        | Found a corrupted altar of Lugonu.
     3 | D        | Found a hazy altar of Hepliaklqana.
     3 | D        | Found a burning altar of Makhleb.
     3 | D        | Found an opulent altar of Gozag.
    22 | D        | Found the +9 heavy crossbow "Sniper" {velocity, Acc+∞ SInv}
    22 | D        | Found the +10 dark maul {crush}
    22 | D        | Found the +15 Maxwell's patent armour {-Cast -Tele rElec MR+ rCorr}
    22 | D        | Found the +18 shield of the Gong {rElec rN+ MR+ EV-5}
    22 | D        | Found the cursed +14 obsidian axe {chop, +Fly SInv *Curse}
    24 | D        | Found the +6 shillelagh "Devastator" {shatter}
    24 | D        | Found the +11 plutonium sword {*Contam Stlth-}
    24 | D        | Found the +8 lance "Wyrmbane" {slay drac, rPois rF+ rC+ AC+3}
    24 | D        | Found the +9 sword of Zonguldrok {reap}
    24 | D        | Found the cursed +13 scythe of Curses {drain, *Curse}
    24 | D        | Found the +0 sword of Power
    24 | D        | Found the +7 mace of Variability {chaos}
    24 | D        | Found the +7 Singing Sword
    24 | D        | Found the +7 longbow "Piercer" {penet, EV-2}
    73 | D        | Became a worshipper of Cheibriados the Contemplative
    78 | D        | Reached skill level 4 in Fighting
    78 | D        | Reached skill level 1 in Dodging
    78 | D        | Reached XP level 2. HP: 31/31 MP: 1/3
   198 | D        | Entered arena 2.
   198 | D        | Noticed a necrophage
   198 | D        | Found a transporter.
   201 | D        | Killed a necrophage
   201 | D        | Reached * piety under Cheibriados
   201 | D        | Reached skill level 5 in Fighting
   201 | D        | Reached XP level 3. HP: 39/39 MP: 3/5
   201 | D        | Reached XP level 4. HP: 46/46 MP: 3/6
   229 | D        | Entered arena 3.
   229 | D        | Noticed a porcupine
   229 | D        | Found a transporter.
   233 | D        | Reached ** piety under Cheibriados
   237 | D        | Killed a porcupine
   237 | D        | Reached skill level 6 in Fighting
   237 | D        | Reached skill level 5 in Armour
   237 | D        | Reached skill level 5 in Shields
   237 | D        | Reached XP level 5. HP: 53/56 MP: 6/8
   239 | D        | Reached *** piety under Cheibriados
   249 | D        | Entered arena 4.
   249 | D        | Noticed a necrophage
   249 | D        | Found a transporter.
   251 | D        | Killed a necrophage
   251 | D        | Reached skill level 7 in Fighting
   251 | D        | Reached XP level 6. HP: 66/66 MP: 9/9
   253 | D        | Reached **** piety under Cheibriados
   253 | D        | Reached skill level 5 in Invocations
   265 | D        | Got the ring "Esannoav" {Fire -Tele rElec Int+2 Dex+6}
   328 | D        | Entered arena 5.
   328 | D        | Noticed a merfolk
   328 | D        | Noticed a merfolk
   328 | D        | Noticed a merfolk
   328 | D        | Noticed a merfolk
   328 | D        | Found a transporter.
   334 | D        | Killed a merfolk
   334 | D        | Reached skill level 8 in Fighting
   334 | D        | Reached skill level 5 in Long Blades
   334 | D        | Reached XP level 7. HP: 54/74 MP: 5/11
   334 | D        | Killed a merfolk
   334 | D        | Reached ***** piety under Cheibriados
   334 | D        | Killed a merfolk
   334 | D        | Reached skill level 9 in Fighting
   334 | D        | Reached XP level 8. HP: 62/85 MP: 5/12
   335 | D        | Killed a merfolk
   402 | D        | Entered arena 6.
   402 | D        | Found a transporter.
   403 | D        | Reached skill level 5 in Dodging
   403 | D        | Reached ****** piety under Cheibriados
   428 | D        | Entered arena 7.
   428 | D        | Noticed a deep elf archer
   428 | D        | Noticed a vampiric hand axe
   428 | D        | Noticed a deep elf archer
   428 | D        | Noticed a water elemental
   428 | D        | Noticed a deep elf mage
   428 | D        | Noticed a water elemental
   429 | D        | Killed a vampiric hand axe
   429 | D        | Reached skill level 10 in Fighting
   429 | D        | Reached XP level 9. HP: 93/93 MP: 14/14
   430 | D        | Killed a deep elf archer
   430 | D        | Killed a deep elf archer
   430 | D        | Reached skill level 11 in Fighting
   430 | D        | Killed a deep elf mage
   430 | D        | Reached XP level 10. HP: 105/105 MP: 9/16
   431 | D        | Found a transporter.
   484 | D        | Entered arena 8.
   484 | D        | Noticed a rust devil
   484 | D        | Noticed an orange demon
   484 | D        | Noticed a rust devil
   486 | D        | Killed a rust devil
   486 | D        | Killed an orange demon
   486 | D        | Reached skill level 10 in Armour
   486 | D        | Reached skill level 10 in Shields
   486 | D        | Killed a rust devil
   487 | D        | Found a transporter.
   534 | D        | Entered arena 9.
   534 | D        | Noticed a spiny frog
   534 | D        | Noticed a spiny frog
   536 | D        | Killed a spiny frog
   536 | D        | Killed a spiny frog
   536 | D        | Reached skill level 12 in Fighting
   537 | D        | Found a transporter.
   563 | D        | Got the ring "Teps" {rC++ Dex+4}
   576 | D        | Got the +6 double sword of Eternal Night {freeze, rF- Str+5 Dex+4}
   579 | D        | Entered arena 10.
   579 | D        | Noticed an eye of devastation
   579 | D        | Noticed a shining eye
   579 | D        | Gained mutation: You occasionally shout uncontrollably at your foes. [a shining eye]
   583 | D        | Gained mutation: You are weak. (Str -2) [a shining eye]
   584 | D        | Found a transporter.
   584 | D        | Gained mutation: Your spells are a little easier to cast, but a little less powerful. [a shining eye]
   586 | D        | Killed a shining eye
   586 | D        | Reached XP level 11. HP: 64/115 MP: 2/18
   669 | D        | Entered arena 11.
   669 | D        | Noticed a deep elf mage
   669 | D        | Noticed a deep elf mage
   669 | D        | Noticed an orc high priest
   669 | D        | Noticed a glaive of flaming
   669 | D        | Noticed a deep elf archer
   669 | D        | Noticed a deep elf archer
   669 | D        | Noticed a halberd of venom
   669 | D        | Noticed a deep elf knight
   669 | D        | Noticed a deep elf mage
   670 | D        | Killed a halberd of venom
   670 | D        | Killed a glaive of flaming
   670 | D        | Reached skill level 13 in Fighting
   670 | D        | Reached skill level 10 in Invocations
   671 | D        | Killed a deep elf knight
   671 | D        | Killed a deep elf mage
   671 | D        | Killed an orc high priest
   671 | D        | Killed a deep elf mage
   671 | D        | Killed a deep elf archer
   671 | D        | Killed a deep elf mage
   671 | D        | Reached skill level 10 in Long Blades
   672 | D        | Found a transporter.
   680 | D        | Killed a deep elf archer
   713 | D        | Entered arena 12.
   714 | D        | Reached skill level 14 in Fighting
   716 | D        | Reached XP level 12. HP: 128/128 MP: 14/20
   718 | D        | Found a transporter.
   769 | D        | Entered arena 13.
   769 | D        | Noticed a thrashing horror
   770 | D        | Killed a thrashing horror
   774 | D        | Found a transporter.
   818 | D        | Entered arena 14.
   820 | D        | Found the ring of the Octopus King {MP+9 AC+1 EV+1 Str+1 Int+1 Dex+1}
   821 | D        | Noticed an ice dragon
   823 | D        | Found a transporter.
   825 | D        | Killed an ice dragon
   866 | D        | Got a ring of the Octopus King {MP+9 AC+1 EV+1 Str+1 Int+1 Dex+1}
   960 | D        | Entered arena 15.
   960 | D        | Noticed a vampire knight
   963 | D        | Found the +3 pair of gauntlets of War {Slay+5}
   963 | D        | Noticed a ghoul
   963 | D        | Noticed a ghoul
   963 | D        | Killed a vampire knight
   963 | D        | Reached skill level 15 in Fighting
   971 | D        | Killed a ghoul
   975 | D        | Killed a ghoul
   976 | D        | Found a transporter.
   985 | D        | Got the ring "Kiyloz" {Str+4 Dex+3 Stlth+}
  1003 | D        | Got the amulet "Jusog" {Gourm rC++ MR+}
  1047 | D        | Entered arena 16.
  1048 | D        | Noticed a green draconian scorcher
  1048 | D        | Noticed a green draconian
  1048 | D        | Noticed a red draconian
  1048 | D        | Noticed a red draconian
  1048 | D        | Noticed a red draconian monk
  1048 | D        | Noticed a green draconian
  1048 | D        | Noticed a yellow draconian
  1049 | D        | Noticed a purple draconian
  1049 | D        | Noticed a purple draconian
  1049 | D        | Noticed a yellow draconian
  1049 | D        | Noticed a green draconian shifter
  1049 | D        | Noticed a purple draconian
  1049 | D        | Noticed a red draconian
  1049 | D        | Noticed a green draconian
  1051 | D        | Killed a red draconian
  1051 | D        | Gained mutation: You can use your snake-like lower body to constrict enemies. [Naga growth]
  1051 | D        | Reached XP level 13. HP: 86/140 MP: 11/22
  1051 | D        | Killed a green draconian scorcher
  1051 | D        | Killed a yellow draconian
  1051 | D        | Killed a purple draconian
  1051 | D        | Reached skill level 16 in Fighting
  1051 | D        | Reached skill level 10 in Dodging
  1052 | D        | Killed a red draconian
  1052 | D        | Killed a green draconian
  1052 | D        | Killed a red draconian monk
  1052 | D        | Killed a green draconian shifter
  1052 | D        | Killed a red draconian
  1052 | D        | Killed a purple draconian
  1052 | D        | Killed a yellow draconian
  1052 | D        | Killed a green draconian
  1052 | D        | Killed a purple draconian
  1052 | D        | Reached skill level 17 in Fighting
  1052 | D        | Killed a green draconian
  1054 | D        | Found a transporter.
  1186 | D        | Entered arena 17.
  1194 | D        | Found a transporter.
  1204 | D        | Got the ring of the Empire {+Blink rN+ MR+ Int-5 Stlth-}
  1254 | D        | Entered arena 18.
  1257 | D        | Noticed a great orb of eyes
  1258 | D        | Reached XP level 14. HP: 153/153 MP: 24/24
  1259 | D        | Noticed an acid blob
  1259 | D        | Noticed an azure jelly
  1260 | D        | Reached skill level 15 in Armour
  1260 | D        | Reached skill level 15 in Shields
  1261 | D        | Killed an azure jelly
  1261 | D        | Killed an acid blob
  1263 | D        | Noticed an azure jelly
  1263 | D        | Reached skill level 18 in Fighting
  1269 | D        | Killed an azure jelly
  1270 | D        | Found a transporter.
  1291 | D        | Got the amulet of Gargh {Reflect rPois rF+ Slay+2 SH+4}
  1460 | D        | Entered arena 19.
  1470 | D        | Found a transporter.
  1536 | D        | Entered arena 20.
  1541 | D        | Noticed a stone giant
  1541 | D        | Noticed a lich
  1541 | D        | Noticed a stone giant
  1541 | D        | Noticed a lich
  1542 | D        | Noticed a stone giant
  1542 | D        | Noticed a shadow dragon
  1542 | D        | Killed a stone giant
  1544 | D        | Killed a lich
  1544 | D        | Reached skill level 19 in Fighting
  1544 | D        | Reached skill level 15 in Invocations
  1544 | D        | Reached XP level 15. HP: 166/166 MP: 14/26
  1544 | D        | Killed a lich
  1548 | D        | Killed a shadow dragon
  1552 | D        | Found a transporter.
  1621 | D        | Entered arena 21.
  1632 | D        | Found a transporter.
  1669 | D        | Entered arena 22.
  1673 | D        | Noticed an electric golem
  1673 | D        | Noticed a storm dragon
  1673 | D        | Noticed a storm dragon
  1673 | D        | Noticed a storm dragon
  1674 | D        | Noticed a titan
  1674 | D        | Noticed an electric golem
  1674 | D        | Reached skill level 20 in Fighting
  1675 | D        | Noticed a storm dragon
  1675 | D        | Noticed a storm dragon
  1675 | D        | Noticed a storm dragon
  1675 | D        | Noticed a storm dragon
  1676 | D        | Noticed an electric golem
  1676 | D        | Reached skill level 15 in Long Blades
  1677 | D        | Killed an electric golem
  1677 | D        | Killed a storm dragon
  1677 | D        | Killed an electric golem
  1677 | D        | Killed a storm dragon
  1677 | D        | Killed a storm dragon
  1678 | D        | Noticed an electric golem
  1678 | D        | Killed a storm dragon
  1678 | D        | Killed an electric golem
  1678 | D        | Killed a storm dragon
  1678 | D        | Reached skill level 21 in Fighting
  1678 | D        | Killed a storm dragon
  1678 | D        | Reached XP level 16. HP: 125/182 MP: 12/28
  1678 | D        | Killed a storm dragon
  1678 | D        | Killed a titan
  1688 | D        | Killed an electric golem
  1696 | D        | Found a transporter.
  1733 | D        | Got the ring "Puotomug" {-Tele rElec rPois Str+2 Stlth+}
  1816 | D        | Entered arena 23.
  1825 | D        | Reached skill level 22 in Fighting
  1837 | D        | Found a transporter.
  1894 | D        | Got a ring of the Octopus King {rF+ AC+1 EV+1 Str+1 Int+1 Dex+1}
  1987 | D        | Got the +1 cloak of the Saviour {rC++ Int+2}
  2011 | D        | Entered arena 24.
  2018 | D        | Killed from afar by a hellion

Vault maps used:
D:        sprint_v

Skill      XL: |  1  2  3  4  5  6  7  8  9 10 11 12 13 14 15 16 |
---------------+-------------------------------------------------+-----
Fighting       | 4 5 6 7 8 9 10 11 12 14 15 17 19 21 22 | 22.4
Long Blades    | 3 4 5 6 7 9 10 11 12 14 15 16 | 16.8
Armour         | 3 4 5 6 7 8 9 10 12 13 14 16 18 19 | 19.5
Dodging        | 1 2 3 4 5 6 7 8 9 10 12 13 14 | 14.3
Shields        | 3 4 5 6 7 8 9 10 12 13 14 16 18 19 | 19.5
Invocations    | 2 3 4 5 6 7 8 9 10 12 13 15 16 17 | 17.9

Action                   |  1- 3 |  4- 6 |  7- 9 | 10-12 | 13-15 | 16-18 || total
-------------------------+-------+-------+-------+-------+-------+-------++-------
Melee: Double sword      |     3 |    16 |     1 |    16 |    12 |    18 ||    66
       Constrict         |       |       |       |       |     2 |     2 ||     4
Invok: Slouch            |       |     1 |     3 |    26 |    24 |     5 ||    59
 Abil: Spit Poison       |       |     1 |       |     1 |       |       ||     2
  Use: Potion            |     1 |       |       |       |       |       ||     1
  Eat: Chunk             |       |       |       |     3 |     1 |       ||     4
       Royal jelly       |       |       |       |       |     5 |       ||     5
Armor: Plate armour      |       |    17 |     1 |    12 |     7 |    10 ||    47
Dodge: Dodged            |       |     3 |       |     5 |    13 |    13 ||    34
Block: Shield            |     3 |    52 |     4 |    54 |    32 |    41 ||   186
       Reflection        |       |       |       |       |     3 |     4 ||     7
       Rpst.: Double sword |       |       |       |       |     2 |       ||     2

Table legend:
 A = Spawn XP
 B = Non-spawn XP
 C = Spawn XP percentage of total XP
 D = Spawn monster count
 E = Non-spawn monster count
 F = Spawn count percentage of total count
 G = Total turns spent on level
                    A         B        C        D         E        F      G
               +---------+---------+-------+---------+---------+-------+---------
         Total |       0 |  166456 |   0.0 |       0 |     278 |   0.0 |  2018
               +---------+---------+-------+---------+---------+-------+---------
             D |       0 |  166456 |   0.0 |       0 |     278 |   0.0 |  2018
               +---------+---------+-------+---------+---------+-------+---------
